 Dungeon Crawl Stone Soup version 0.30-a0-726-gd89dcf765f (webtiles) character file.

Game seed: 13859993045397025554

262 scionoferis the Shooter (level 5, -4/39 HPs)
             Began as a Demigod Hexslinger on Jan 29, 2023.
             Slain by a sky beast (6 damage)
             ... on level 4 of the Dungeon.
             The game lasted 00:06:08 (3055 turns).

scionoferis the Shooter (Demigod Hexslinger)        Turns: 3055, Time: 00:06:08

Health: -4/39      AC:  2    Str: 11    XL:     5   Next: 64%
Magic:  9/9        EV: 13    Int: 15    God:
Gold:   247        SH:  0    Dex: 18    Spells: 5/6 levels left

rFire   . . .      SeeInvis .    r - +0 dagger (venom)
rCold   . . .      Faith    .    (no shield)
rNeg    + . .      Spirit   .    c - +0 robe
rPois   .          Reflect  .    (no helmet)
rElec   .          Harm     .    (no cloak)
rCorr   .          Rampage  .    (no gloves)
Will    .....                    (no boots)
Stlth   ++                       (no amulet)
HPRegen 0.26/turn                n - ring of positive energy
MPRegen 0.11/turn                (no ring)

@: mighty
A: high MP 1, forlorn, divine attributes
a: no special abilities


You were on level 4 of the Dungeon.
You visited 1 branch of the dungeon, and saw 4 of its levels.

You collected 247 gold pieces.


Innate Abilities, Weirdness & Mutations

You have an increased reservoir of magic. (+10% MP)
You shall have no god before yourself.
Your divine heritage dramatically boosts your attributes as you level up.


   Skills:
 - Level 0.8 Fighting
 * Level 4.2 Ranged Weapons
 + Level 3.2 Dodging
 + Level 2.6 Stealth
 - Level 1.0 Spellcasting
 - Level 2.6 Hexes


You had 5 spell levels left.
You knew the following spells:

 Your Spells              Type           Power      Damage    Failure   Level
a - Slow                  Hex            32%        N/A       9%          1

Your spell library contained the following spells:

 Spells                   Type           Power      Damage    Failure   Level
 Apportation              Tloc           0%         N/A       24%         1
 Magic Dart               Conj           0%         1d3       24%         1
 Confusing Touch          Hex            8%         N/A       24%         3
 Blink                    Tloc           0%         N/A       36%         2
 Call Imp                 Summ           0%         N/A       36%         2
 Lesser Beckoning         Tloc           0%         N/A       36%         2
 Momentum Strike          Conj/Tloc      0%         3d8       36%         2
 Inner Flame              Hex/Fire       4%         N/A       38%         3
 Portal Projectile        Hex/Tloc       8%         N/A       38%         3
 Mephitic Cloud           Conj/Pois/Air  0%         N/A       58%         3
 Vampiric Draining        Necr           0%         2d6       58%         3
 Cause Fear               Hex            4%         N/A       63%         4
 Alistair's Intoxication  Tmut/Pois      0%         N/A       100%        5

Inventory:

Hand Weapons
 a - a +1 sling
 r - a +0 dagger of venom (weapon)
   (You found it on level 3 of the Dungeon)
Missiles
 q - a throwing net (quivered)
Armour
 c - a +0 robe (worn)
Jewellery
 n - a ring of positive energy (left hand)
   (You found it on level 2 of the Dungeon)
Wands
 i - a wand of iceblast (8)
   (You found it on level 4 of the Dungeon)
Scrolls
 b - a scroll of poison
 d - a scroll of fear
 e - a scroll of blinking
 f - 3 scrolls of noise {unknown}
 h - 3 scrolls of vulnerability {unknown}
 j - a scroll of enchant weapon
 k - a scroll of butterflies
Potions
 g - a potion of resistance {unknown}
 l - 2 potions of degeneration {unknown}
 m - a potion of magic {unknown}
 o - 2 potions of might
 p - a potion of flight {unknown}
 s - a potion of mutation {unknown}

Dungeon Overview and Level Annotations

Branches:
Dungeon (4/15)
 Temple: D:4-7

## #. # ### #. #.
#.### #.# #.
##...#######.##
#..##.............#
#......##...#.....#
#..###..###...K@#
#..# #...{##
#..###....#
##..##...##
#........####
#............
#.......#....
#..##.....#..#
...#####...#..#


You could see a kobold.


Message History

You kill the bat!
No target in view!
No target in view!
You see here a bat corpse.
A bat comes into view.
A bat is nearby!
You shoot a sling bullet. The sling bullet hits the bat.
You kill the bat!
No target in view!
No target in view!
l - 2 fuming sapphire potions
m - an emerald potion A rat comes into view.
You shoot a sling bullet. The sling bullet hits the rat.
You kill the rat!
Your Stealth skill increases to level 1!
No target in view!
No target in view!
A dart slug comes into view.
You shoot a sling bullet. The sling bullet hits the dart slug.
The dart slug is severely wounded.
You shoot a sling bullet. The sling bullet hits the dart slug.
You kill the dart slug!
No target in view!
No target in view!
A dart slug comes into view.
The dart slug moves out of view.
You shoot a sling bullet.
The sling bullet hits the dart slug but does no damage.
You shoot a sling bullet. The sling bullet hits the dart slug.
The dart slug is severely wounded.
The dart slug launches a dart at you. The slug dart hits you.
You shoot a sling bullet. The sling bullet hits the dart slug.
The dart slug is almost dead.
The dart slug briefly extends its eye-stalks.
You shoot a sling bullet.
The sling bullet completely misses the dart slug.
The dart slug bites you.
You shoot a sling bullet.
The sling bullet completely misses the dart slug.
The dart slug closely misses you.
You shoot a sling bullet. The sling bullet hits the dart slug.
You kill the dart slug!
No target in view!
No target in view!
Done exploring.
Search for what [? for help]? d Unknown command.
There is a stone staircase leading down here.
You climb downwards.
Found 32 gold pieces.
There is a stone staircase leading up here.
You now have 101 gold pieces (gained 14).
You now have 105 gold pieces (gained 4).
Found a robe.
You now have 119 gold pieces (gained 14).
You now have 130 gold pieces (gained 11).
A rat comes into view.
You see here a +0 robe.
There is a stone staircase leading up here.
n - a ring of positive energy
n - a ring of positive energy (left hand)
A hobgoblin comes into view.
You shoot a sling bullet. The sling bullet hits the hobgoblin!
You kill the hobgoblin!
No target in view!
No target in view!
o - a bubbling red potion A goblin comes into view.
It is wielding a +0 club.
You shoot a sling bullet.
The sling bullet completely misses the goblin.
The goblin shouts!
The goblin hits you with a +0 club.
You shoot a sling bullet. The sling bullet hits the goblin.
The goblin is severely wounded.
The goblin barely misses you.
You shoot a sling bullet. The sling bullet hits the goblin.
You kill the goblin!
No target in view!
HP restored.
Things that are here:
a +0 club; a goblin corpse You shoot a sling bullet.
The sling bullet hits the rat.
You kill the rat!
No target in view!
No target in view!
A hobgoblin comes into view.
You shoot a sling bullet. The sling bullet hits the hobgoblin.
The hobgoblin shouts!
The hobgoblin is almost dead.
You shoot a sling bullet. The sling bullet hits the hobgoblin.
You kill the hobgoblin!
No target in view!
A kobold comes into view. It is wielding a +0 club.
The kobold shouts!
You shoot a sling bullet. The sling bullet hits the kobold.
The kobold is severely wounded.
The kobold throws a stone.
The stone misses you.
You shoot a sling bullet. The sling bullet hits the kobold.
You kill the kobold!
No target in view!
No target in view!
A hobgoblin comes into view.
You shoot a sling bullet. The sling bullet hits the hobgoblin.
The hobgoblin shouts!
The hobgoblin is moderately wounded.
You shoot a sling bullet.
The sling bullet closely misses the hobgoblin.
You shoot a sling bullet.
The sling bullet barely misses the hobgoblin.
You shoot a sling bullet. The sling bullet hits the hobgoblin.
You kill the hobgoblin!
You have reached level 3!
Your experience leads to a dramatic increase in your attributes!
Increase (S)trength, (I)ntelligence, or (D)exterity?
You feel agile. x4
Found a stone staircase leading down.
A ball python comes into view.
The ball python hisses angrily.
You shoot a sling bullet.
The sling bullet completely misses the ball python.
You shoot a sling bullet. The sling bullet hits the ball python.
You kill the ball python!
No target in view!
No target in view!
No target in view!
You now have 144 gold pieces (gained 14).
Found a ring mail.
Found a stone staircase leading down.
A hobgoblin comes into view.
The hobgoblin shouts!
You shoot a sling bullet.
The sling bullet closely misses the hobgoblin.
You shoot a sling bullet.
The sling bullet hits the hobgoblin but does no damage.
You shoot a sling bullet.
The sling bullet barely misses the hobgoblin.
You shoot a sling bullet.
The sling bullet closely misses the hobgoblin.
You shoot a sling bullet. The sling bullet hits the hobgoblin.
The hobgoblin is severely wounded.
The hobgoblin closely misses you.
You shoot a sling bullet.
The sling bullet closely misses the hobgoblin.
The hobgoblin completely misses you. The hobgoblin hits you.
You shoot a sling bullet. The sling bullet hits the hobgoblin.
You kill the hobgoblin!
You see here a hobgoblin corpse.
p - a clear potion An adder comes into view.
You shoot a sling bullet. The sling bullet hits the adder.
The adder hisses angrily.
The adder is moderately wounded.
You shoot a sling bullet. The sling bullet hits the adder.
The adder is almost dead.
You shoot a sling bullet.
The sling bullet hits the adder but does no damage.
The adder is almost dead.
The adder bites you.
You shoot a sling bullet. The sling bullet hits the adder.
You kill the adder!
No target in view!
Found a leather armour.
You see here an adder corpse.
Found a whip.
An adder comes into view.
You shoot a sling bullet. The sling bullet hits the adder.
The adder is heavily wounded.
You shoot a sling bullet.
The sling bullet barely misses the adder.
You shoot a sling bullet.
The sling bullet closely misses the adder.
You shoot a sling bullet. The sling bullet misses the adder.
The adder bites you.
You shoot a sling bullet.
The sling bullet closely misses the adder.
The adder bites you but does no damage.
You shoot a sling bullet. The sling bullet misses the adder.
The adder barely misses you. The adder bites you.
You shoot a sling bullet. The sling bullet misses the adder.
The adder closely misses you.
You shoot a sling bullet.
The sling bullet barely misses the adder.
The adder closely misses you. The adder bites you.
You are poisoned.
The adder poisons you!
You shoot a sling bullet. The sling bullet hits the adder.
The adder is almost dead.
You feel sick. The adder bites you but does no damage.
The adder barely misses you.
You shoot a sling bullet. The sling bullet hits the adder.
You kill the adder!
You feel sick.
No target in view!
No target in view!
You feel sick.
You feel sick.
You feel sick.
You feel sick.
You are no longer poisoned.
Found a stone staircase leading up.
You see here a +0 whip.
Found a faded altar of an unknown god.
Found an escape hatch in the ceiling.
Found a stone staircase leading up.
A rat comes into view.
You shoot a sling bullet.
The sling bullet closely misses the rat.
You shoot a sling bullet.
The sling bullet completely misses the rat.
You shoot a sling bullet. The sling bullet hits the rat.
You kill the rat!
No target in view!
No target in view!
You pick up a book of Minor Magic and begin reading...
You add the spells Magic Dart, Call Imp and Mephitic Cloud to your library.
A giant cockroach comes into view.
You shoot a sling bullet.
The sling bullet hits the giant cockroach but does no damage.
You shoot a sling bullet.
The sling bullet hits the giant cockroach but does no damage.
You shoot a sling bullet.
The sling bullet hits the giant cockroach but does no damage.
You shoot a sling bullet.
The sling bullet hits the giant cockroach.
You kill the giant cockroach!
No target in view!
No target in view!
A hobgoblin comes into view.
You shoot a sling bullet. The sling bullet hits the hobgoblin.
The hobgoblin shouts!
The hobgoblin is severely wounded.
You shoot a sling bullet.
The sling bullet hits the hobgoblin but does no damage.
The hobgoblin is severely wounded.
You shoot a sling bullet.
The sling bullet closely misses the hobgoblin.
You shoot a sling bullet. The sling bullet hits the hobgoblin.
You kill the hobgoblin!
Your Ranged Weapons skill increases to level 3!
No target in view!
You now have 154 gold pieces (gained 10).
A ball python comes into view.
The ball python hisses angrily.
You shoot a sling bullet. The sling bullet hits the ball python!
You kill the ball python!
No target in view!
No target in view!
Found a stone staircase leading down.
There is a stone staircase leading down here.
o - 3 bubbling red potions (gained 2)
A kobold comes into view. It is wielding a +0 dagger.
You see here a scroll labelled SET VIPSEEGGAOCE.
You shoot a sling bullet. The sling bullet hits the kobold.
The kobold shouts!
The kobold is moderately wounded.
You shoot a sling bullet.
The sling bullet closely misses the kobold.
You shoot a sling bullet.
The sling bullet barely misses the kobold.
You shoot a sling bullet.
The sling bullet barely misses the kobold.
You shoot a sling bullet.
The sling bullet closely misses the kobold.
You shoot a sling bullet. The sling bullet hits the kobold.
The kobold is severely wounded.
The kobold barely misses you.
You shoot a sling bullet. The sling bullet hits the kobold.
You kill the kobold!
No target in view!
h - 2 scrolls labelled SET VIPSEEGGAOCE (gained 1)
Things that are here:
a +0 dagger; a kobold corpse
q - 2 throwing nets
Things that are here:
a +0 dagger; a kobold corpse A rat comes into view.
You shoot a sling bullet. The sling bullet hits the rat.
The rat is heavily wounded.
You shoot a sling bullet. The sling bullet barely misses the rat.
You shoot a sling bullet. The sling bullet hits the rat!
You kill the rat!
No target in view!
No target in view!
Found a dagger.
You see here a +0 dagger.
Things that are here:
a +0 dagger; a kobold skeleton
Things that are here:
a +0 dagger; a kobold skeleton Done exploring.
Search for what [Enter for "d", or ? for help]? d:
There is a stone staircase leading down here.
You climb downwards.
There is a stone staircase leading up here.
You shoot a sling bullet. The sling bullet hits the rat.
You kill the rat!
A rat comes into view.
You shoot a sling bullet. The sling bullet barely misses the rat.
You shoot a sling bullet. The sling bullet hits the rat.
You kill the rat!
A worm comes into view.
You shoot a sling bullet. The sling bullet hits the worm!
The worm is heavily wounded.
You shoot a sling bullet.
The sling bullet barely misses the worm.
You shoot a sling bullet.
The sling bullet hits the worm but does no damage.
The worm is moderately wounded.
You shoot a sling bullet. The sling bullet hits the worm.
The worm is moderately wounded.
You shoot a sling bullet.
The sling bullet hits the worm but does no damage.
The worm is moderately wounded.
You shoot a sling bullet.
The sling bullet barely misses the worm.
You shoot a sling bullet. The sling bullet hits the worm.
The worm is moderately wounded.
You shoot a sling bullet. The sling bullet hits the worm.
The worm is heavily wounded.
You shoot a sling bullet. The sling bullet hits the worm.
The worm is severely wounded.
The worm closely misses you.
You shoot a sling bullet. The sling bullet hits the worm.
The worm is severely wounded.
The worm completely misses you.
You shoot a sling bullet. The sling bullet hits the worm.
The worm is severely wounded.
The worm bites you but does no damage.
You shoot a sling bullet.
The sling bullet barely misses the worm.
You shoot a sling bullet. The sling bullet hits the worm.
The worm is almost dead.
The worm bites you!
You shoot a sling bullet. The sling bullet hits the worm.
The worm is almost dead.
The worm bites you.
You shoot a sling bullet.
The sling bullet barely misses the worm.
The worm closely misses you.
You shoot a sling bullet. The sling bullet hits the worm.
You kill the worm!
A kobold comes into view. It is wielding a +0 whip.
You shoot a sling bullet.
The sling bullet closely misses the kobold.
The kobold shouts!
You shoot a sling bullet. The sling bullet hits the kobold.
The kobold is moderately wounded.
You shoot a sling bullet. The sling bullet hits the kobold.
The kobold is heavily wounded.
A kobold comes into view. It is wielding a +0 dagger.
You shoot a sling bullet.
The sling bullet closely misses the kobold.
The kobold shouts!
You shoot a sling bullet.
The sling bullet closely misses the kobold.
The sling bullet hits the kobold!
You kill the kobold!
You shoot a sling bullet. The sling bullet hits the kobold.
The kobold is severely wounded.
The kobold misses you. The kobold completely misses you.
You shoot a sling bullet. The sling bullet hits the kobold!
You kill the kobold!
HP restored.
h - 3 scrolls labelled SET VIPSEEGGAOCE (gained 1)
You now have 169 gold pieces (gained 15).
A frilled lizard comes into view.
You shoot a sling bullet.
The sling bullet hits the frilled lizard.
You kill the frilled lizard!
No target in view!
No target in view!
A goblin comes into view. It is wielding a +0 dagger.
You shoot a sling bullet. The sling bullet hits the goblin.
The goblin is heavily wounded.
You shoot a sling bullet. The sling bullet hits the goblin!
You kill the goblin!
No target in view!
No target in view!
An orc comes into view. It is wielding a +0 club.
The orc shouts!
You shoot a sling bullet. The sling bullet hits the orc!
You kill the orc!
No target in view!
No target in view!
You see here a +0 dagger.
Found a stone staircase leading down.
Found a stone staircase leading up.
i - 2 scrolls labelled QUDYXU QEISS (gained 1)
Found a stone staircase leading up.
You now have 174 gold pieces (gained 5).
A hound comes into view.
The hound moves out of view.
No target in view!
You shoot a sling bullet.
The sling bullet closely misses the hound.
The hound barks!
You shoot a sling bullet.
The sling bullet hits the hound but does no damage.
You shoot a sling bullet. The sling bullet hits the hound.
The hound is lightly wounded.
You shoot a sling bullet. The sling bullet hits the hound!
The hound is heavily wounded.
The hound barely misses you.
You shoot a sling bullet.
The sling bullet completely misses the hound.
The hound bites you. The hound bites you but does no damage.
You shoot a sling bullet. The sling bullet hits the hound.
The hound is severely wounded.
The hound bites you. The hound closely misses you.
You shoot a sling bullet. The sling bullet hits the hound!
You kill the hound!
You have reached level 4!
A kobold comes into view. It is wielding a +0 short sword.
The kobold shouts!
You shoot a sling bullet.
The sling bullet hits the kobold but does no damage.
You shoot a sling bullet.
The sling bullet closely misses the kobold.
You shoot a sling bullet. The sling bullet hits the kobold.
You kill the kobold!
No target in view!
No target in view!
No target in view!
Things that are here:
a +0 short sword; a kobold corpse A quokka comes into view.
A quokka is nearby!
You shoot a sling bullet.
The sling bullet closely misses the quokka.
You shoot a sling bullet. The sling bullet misses the quokka.
You shoot a sling bullet. The sling bullet hits the quokka.
The quokka is moderately wounded.
You shoot a sling bullet.
The sling bullet closely misses the quokka.
The quokka bites you. The quokka barely misses you.
You shoot a sling bullet.
The sling bullet barely misses the quokka.
The quokka barely misses you.
You shoot a sling bullet.
The sling bullet closely misses the quokka.
The quokka misses you. The quokka closely misses you.
You shoot a sling bullet. The sling bullet hits the quokka.
You kill the quokka!
No target in view!
No target in view!
You open the door.
There is an open door here.
You now have 178 gold pieces (gained 4).
Found a stone staircase leading down.
An adder comes into view.
You shoot a sling bullet. The sling bullet hits the adder.
The adder hisses angrily.
The adder is moderately wounded.
You shoot a sling bullet. The sling bullet hits the adder!
The adder is almost dead.
No target in view!
No target in view!
No target in view!
No target in view!
No target in view!
You shoot a sling bullet. The sling bullet hits the adder!
You kill the adder!
Found a scroll labelled QUDYXU QEISS.
You see here a +0 dagger of venom.
r - a +0 dagger of venom
Found a metallic inky potion.
i - 3 scrolls labelled QUDYXU QEISS (gained 1)
s - a metallic inky potion You open the door.
There is an open door here.
You now have 186 gold pieces (gained 8).
You open the door.
Found 5 stones.
An endoplasm comes into view.
There is an open door here.
You shoot a sling bullet. The sling bullet hits the endoplasm!
You kill the endoplasm!
No target in view!
No target in view!
Found a stone staircase leading down.
There is a stone staircase leading down here.
You now have 196 gold pieces (gained 10).
An endoplasm comes into view.
You shoot a sling bullet.
The sling bullet completely misses the endoplasm.
No target in view!
No target in view!
No target in view!
Found a club.
You now have 200 gold pieces (gained 4).
An orc and a ball python come into view.
You shoot a sling bullet. The sling bullet hits the ball python.
You kill the ball python!
A bat comes into view.
The bat moves out of view.
Your Stealth skill increases to level 2!
You shoot a sling bullet. The sling bullet hits the orc!
You kill the orc!
You shoot a sling bullet. The sling bullet misses the bat.
The bat hits you but does no damage. x2
The bat hits you but does no damage. The bat closely misses you.
You shoot a sling bullet.
The sling bullet hits the endoplasm but does no damage.
The bat closely misses you.
You shoot a sling bullet. The sling bullet hits the bat.
You kill the bat!
You shoot a sling bullet.
The sling bullet hits the endoplasm but does no damage.
The endoplasm hits you.
You shoot a sling bullet.
The sling bullet hits the endoplasm but does no damage.
The endoplasm freezes you.
You are frozen.
The endoplasm misses you.
You shoot a sling bullet. The sling bullet hits the endoplasm.
The endoplasm is almost dead.
The endoplasm hits you.
You shoot a sling bullet. The sling bullet hits the endoplasm!
You kill the endoplasm!
No target in view!
No target in view!
You see here a bat corpse.
You pick up a book of Spatial Translocations and begin reading...
You add the spells Blink, Momentum Strike and Lesser Beckoning to your library.
You now have 213 gold pieces (gained 13).
You now have 216 gold pieces (gained 3).
You now have 225 gold pieces (gained 9).
You open the door.
There is an open door here.
i - 4 scrolls labelled QUDYXU QEISS (gained 1)
You open the door.
A ball python comes into view.
Found a book of Debilitation.
You shoot a sling bullet.
The sling bullet closely misses the ball python.
The ball python hisses angrily.
You hear a shout!
You shoot a sling bullet. The sling bullet hits the ball python.
You kill the ball python!
A hobgoblin comes into view.
You shoot a sling bullet. The sling bullet hits the hobgoblin.
You kill the hobgoblin!
No target in view!
No target in view!
No target in view!
There is an open door here.
You pick up a book of Debilitation and begin reading...
You add the spells Vampiric Draining and Confusing Touch to your library.
You see here a ball python corpse.
You now have 241 gold pieces (gained 16).
There is a shaft here.
A dart slug comes into view.
You shoot a sling bullet. The sling bullet hits the dart slug!
The dart slug is almost dead.
You shoot a sling bullet. The sling bullet hits the dart slug!
You kill the dart slug!
No target in view!
No target in view!
There is an open door here.
You open the door.
You see here a hobgoblin corpse.
You open the door.
There is an open door here.
You see here a +0 dagger.
Found a hand axe.
You see here a +0 hand axe.
An adder comes into view.
You shoot a sling bullet. The sling bullet hits the adder.
The adder is lightly wounded.
You shoot a sling bullet. The sling bullet hits the adder.
The adder is severely wounded.
You shoot a sling bullet.
The sling bullet closely misses the adder.
You shoot a sling bullet. The sling bullet misses the adder.
The adder barely misses you.
You shoot a sling bullet. The sling bullet hits the adder.
You kill the adder!
No target in view!
You see here an adder corpse.
Done exploring.
Done exploring.
You see here an adder corpse.
There is a stone staircase leading down here.
Unknown command.
Okay, then.
Unknown command.
You climb downwards.
There is a stone staircase leading up here.
As you read the scroll labelled QUDYXU QEISS, it crumbles to dust.
It is a scroll of identify.
d - a scroll of fear
As you read the scroll of identify, it crumbles to dust.
e - a scroll of blinking
As you read the scroll of identify, it crumbles to dust.
j - a scroll of enchant weapon
As you read the scroll of identify, it crumbles to dust.
k - a scroll of butterflies You now have 247 gold pieces (gained 6).
An adder comes into view.
You shoot a sling bullet. The sling bullet hits the adder!
The adder hisses angrily.
The adder is heavily wounded.
You shoot a sling bullet. The sling bullet hits the adder.
The adder is almost dead.
You shoot a sling bullet. The sling bullet misses the adder.
The adder barely misses you.
You shoot a sling bullet. The sling bullet hits the adder.
You kill the adder!
No target in view!
You see here an adder corpse. 2 gnolls come into view.
You shoot a sling bullet. The sling bullet hits the gnoll.
The gnoll is moderately wounded.
You shoot a sling bullet. The sling bullet hits the gnoll.
The gnoll is severely wounded.
You hear a shout! x2
You shoot a sling bullet.
The sling bullet closely misses the gnoll.
An orc comes into view. It is wielding a +0 dagger.
You shoot a sling bullet.
The sling bullet barely misses the gnoll.
The gnoll completely misses you.
You shoot a sling bullet.
The sling bullet closely misses the gnoll.
A gnoll comes into view. It is wielding a +0 spear.
The gnoll hits you from afar with a +0 spear.
Fire: a) +1 sling
Press: ? - help, Q - select action, (/) - cycle Shift-Dir - straight line, f - orc, p - gnoll
Aim: an orc, wielding a +0 dagger (60% to hit)
You shoot a sling bullet.
The sling bullet hits the gnoll but does no damage.
The gnoll is severely wounded.
The gnoll hits you from afar with a +0 spear.
The gnoll closely misses you.
Fire: a) +1 sling
Press: ? - help, Q - select action, (/) - cycle Shift-Dir - straight line, f - gnoll, p - orc
Aim: a gnoll, wielding a +0 spear (wandering, hasn't noticed you, 64% to hit)
You shoot a sling bullet. The gnoll shouts!
The sling bullet hits the gnoll but does no damage.
The gnoll is severely wounded.
The gnoll closely misses you.
Fire: a) +1 sling
Press: ? - help, Q - select action, (/) - cycle Shift-Dir - straight line, f/p - gnoll
Aim: a gnoll, wielding a +0 spear (64% to hit)
You shoot a sling bullet. The sling bullet hits the orc.
The orc is lightly wounded.
You hear a shout!
The orc closely misses you.
The gnoll hits you from afar with a +0 spear.
Fire: a) +1 sling
Press: ? - help, Q - select action, (/) - cycle Shift-Dir - straight line, f/p - gnoll
Aim: a gnoll, wielding a +0 spear (64% to hit)
You shoot a sling bullet.
The sling bullet closely misses the orc.
The sling bullet hits the gnoll.
The gnoll is severely wounded.
The orc hits you with a +0 dagger. The gnoll closely misses you.
Fire: a) +1 sling
Press: ? - help, Q - select action, (/) - cycle Shift-Dir - straight line, f/p - gnoll
Aim: a gnoll, wielding a +0 spear (64% to hit)
You shoot a sling bullet. The sling bullet barely misses the orc.
The sling bullet hits the gnoll.
You kill the gnoll!
The orc hits you with a +0 dagger. The gnoll barely misses you.
The orc barely misses you.
Fire: a) +1 sling
Press: ? - help, Q - select action, (/) - cycle Shift-Dir - straight line, f/p - gnoll
Aim: a gnoll, wielding a +0 spear (64% to hit)
You shoot a sling bullet.
The sling bullet closely misses the orc.
The sling bullet closely misses the gnoll.
The orc closely misses you.
The gnoll hits you from afar with a +0 spear.
The orc attacks as you move away! The orc hits you but does no damage.
You see here an adder corpse.
The orc attacks as you move away! The orc misses you.
There is a stone staircase leading up here.
The orc hits you with a +0 dagger.
You climb upwards.
There is a stone staircase leading down here.
You are too injured to fight recklessly!
You are too injured to fight recklessly!
Fire: a) +1 sling
Press: ? - help, Q - select action, (/) - cycle Shift-Dir - straight line, f - orc
Aim: an orc, wielding a +0 dagger (lightly wounded, 60% to hit)
You shoot a sling bullet.
The sling bullet closely misses the orc.
The orc misses you.
Fire: a) +1 sling
Press: ? - help, Q - select action, (/) - cycle Shift-Dir - straight line, f/p - orc
Aim: an orc, wielding a +0 dagger (lightly wounded, 60% to hit)
You shoot a sling bullet. The sling bullet hits the orc!
You kill the orc!
You see here a +0 dagger.
There is a stone staircase leading down here.
You start resting.
HP restored.
You climb downwards.
There is a stone staircase leading up here.
You shoot a sling bullet. The sling bullet hits the gnoll bouda.
The gnoll bouda is moderately wounded.
A gnoll comes into view. It is wielding a +0 spear.
You shoot a sling bullet.
The sling bullet barely misses the gnoll bouda.
The sling bullet barely misses the gnoll.
A gnoll comes into view. It is wielding a +0 spear.
The gnoll bouda barks out a call to the hunt!
The gnolls pick up the pace!
You shoot a sling bullet. The gnoll shouts!
The sling bullet hits the gnoll bouda.
The gnoll bouda is moderately wounded.
You shoot a sling bullet. The sling bullet hits the gnoll bouda.
The gnoll bouda is severely wounded.
A gnoll comes into view. It is wielding a +0 whip.
You shoot a sling bullet.
The sling bullet barely misses the gnoll bouda.
The gnoll shouts!
The sling bullet hits the gnoll!
The gnoll is severely wounded.
You hear an angry growl.
A gnoll comes into view. It is wielding a +0 spear.
You shoot a sling bullet. The gnoll shouts!
The sling bullet hits the gnoll bouda!
You kill the gnoll bouda!
You hear an angry growl.
The gnoll hits you from afar with a +0 spear!
Your Dodging skill increases to level 3!
You have reached level 5!
Fire: a) +1 sling
Press: ? - help, Q - select action, (/) - cycle Shift-Dir - straight line You shoot a sling bullet.
The sling bullet hits the gnoll.
The gnoll is lightly wounded.
The gnoll misses you. The gnoll completely misses you.
Fire: a) +1 sling
Press: ? - help, Q - select action, (/) - cycle Shift-Dir - straight line, f - gnoll
Aim: a gnoll, wielding a +0 spear (severely wounded, covering ground quickly, 64% to hit)
You shoot a sling bullet.
The sling bullet closely misses the gnoll.
The gnoll closely misses you.
The gnoll hits you from afar with a +0 spear.
Fire: a) +1 sling
Press: ? - help, Q - select action, (/) - cycle Shift-Dir - straight line, f - gnoll, p - gnoll
Aim: a gnoll, wielding a +0 spear (covering ground quickly, 64% to hit)
You shoot a sling bullet. The sling bullet hits the gnoll!
You kill the gnoll!
The gnoll hits you from afar with a +0 spear.
Fire: a) +1 sling
Press: ? - help, Q - select action, (/) - cycle Shift-Dir - straight line, f/p - gnoll
Aim: a gnoll, wielding a +0 spear (covering ground quickly, 64% to hit)
Okay, then.
The gnoll barely misses you. The gnoll misses you.
You climb upwards.
There is a stone staircase leading down here.
You shoot a sling bullet.
The sling bullet barely misses the gnoll.
The gnoll hits you with a +0 whip.
You shoot a sling bullet. The sling bullet hits the gnoll.
The gnoll is moderately wounded.
The gnoll hits you with a +0 whip.
You are too injured to fight recklessly!
You are too injured to fight recklessly!
You are too injured to fight recklessly!
Fire: a) +1 sling
Press: ? - help, Q - select action, (/) - cycle Shift-Dir - straight line, f/p - gnoll
Aim: a gnoll, wielding a +0 whip (moderately wounded, 64% to hit)
You shoot a sling bullet. The sling bullet hits the gnoll.
The gnoll is severely wounded.
The gnoll completely misses you.
Fire: a) +1 sling
Press: ? - help, Q - select action, (/) - cycle Shift-Dir - straight line, f/p - gnoll
Aim: a gnoll, wielding a +0 whip (severely wounded, 64% to hit)
You shoot a sling bullet.
The sling bullet closely misses the gnoll.
The gnoll hits you with a +0 whip.
Fire: a) +1 sling
Press: ? - help, Q - select action, (/) - cycle Shift-Dir - straight line, f/p - gnoll
Aim: a gnoll, wielding a +0 whip (severely wounded, 64% to hit)
You shoot a sling bullet.
The sling bullet completely misses the gnoll.
The gnoll closely misses you. x2
Fire: a) +1 sling
Press: ? - help, Q - select action, (/) - cycle Shift-Dir - straight line, f/p - gnoll
Aim: a gnoll, wielding a +0 whip (severely wounded, 64% to hit)
You shoot a sling bullet. The sling bullet hits the gnoll!
You kill the gnoll!
Your Ranged Weapons skill increases to level 4!
Things that are here:
a +0 whip; a gnoll corpse You see here a +0 dagger.
There is a stone staircase leading down here.
You start resting.
HP restored.
You climb downwards.
The gnoll shouts!
There is a stone staircase leading up here.
You shoot a sling bullet. The sling bullet hits the gnoll.
The gnoll is heavily wounded.
You hear a shout!
You shoot a sling bullet.
The sling bullet closely misses the gnoll.
You shoot a sling bullet. The sling bullet hits the gnoll.
The gnoll is heavily wounded.
You shoot a sling bullet.
The sling bullet closely misses the gnoll.
The gnoll hits you with a +0 club.
The gnoll hits you from afar with a +0 spear.
You climb upwards.
There is a stone staircase leading down here.
You shoot a sling bullet. The sling bullet hits the gnoll.
The gnoll is severely wounded.
The gnoll hits you with a +0 club.
You shoot a sling bullet.
The sling bullet barely misses the gnoll.
The gnoll hits you with a +0 club.
You shoot a sling bullet.
The sling bullet closely misses the gnoll.
The gnoll hits you with a +0 club.
You are too injured to fight recklessly!
You are too injured to fight recklessly!
You are too injured to fight recklessly!
Fire: a) +1 sling
Press: ? - help, Q - select action, (/) - cycle Shift-Dir - straight line, f/p - gnoll
Aim: a gnoll, wielding a +0 club (severely wounded, 65% to hit)
You shoot a sling bullet. The sling bullet hits the gnoll.
You kill the gnoll!
You start resting.
HP restored.
You climb downwards.
The gnoll hits you from afar with a +0 spear!
There is a stone staircase leading up, spattered with blood here.
You shoot a sling bullet.
The sling bullet hits the gnoll but does no damage.
The gnoll closely misses you. The gnoll completely misses you.
You shoot a sling bullet.
The sling bullet closely misses the gnoll.
The gnoll barely misses you.
You shoot a sling bullet.
The sling bullet hits the gnoll but does no damage.
The gnoll closely misses you.
You shoot a sling bullet.
The sling bullet closely misses the gnoll.
The gnoll barely misses you.
You shoot a sling bullet. The sling bullet hits the gnoll!
The gnoll is heavily wounded.
The gnoll hits you from afar with a +0 spear.
You shoot a sling bullet. The sling bullet hits the gnoll.
The gnoll is almost dead.
The gnoll completely misses you. The gnoll misses you.
You shoot a sling bullet.
The sling bullet completely misses the gnoll.
The gnoll misses you.
You shoot a sling bullet.
The sling bullet closely misses the gnoll.
The gnoll hits you from afar with a +0 spear.
You shoot a sling bullet.
The sling bullet barely misses the gnoll.
The gnoll hits you from afar with a +0 spear.
You are too injured to fight recklessly!
You are too injured to fight recklessly!
Fire: a) +1 sling
Press: ? - help, Q - select action, (/) - cycle Shift-Dir - straight line, f/p - gnoll
Aim: a gnoll, wielding a +0 spear (almost dead, 65% to hit)
You shoot a sling bullet.
The sling bullet hits the gnoll but does no damage.
The gnoll is almost dead.
The gnoll hits you from afar with a +0 spear.
Fire: a) +1 sling
Press: ? - help, Q - select action, (/) - cycle Shift-Dir - straight line, f/p - gnoll
Aim: a gnoll, wielding a +0 spear (almost dead, 65% to hit)
You shoot a sling bullet. The sling bullet hits the gnoll.
You kill the gnoll!
You climb upwards.
There is a stone staircase leading down, spattered with blood here.
You start resting.
HP restored.
You climb downwards.
There is a stone staircase leading up, spattered with blood here.
Found a robe.
You see here a +0 robe.
Found a flail.
A worm comes into view.
You see here a +0 flail.
You shoot a sling bullet.
The sling bullet barely misses the worm.
You shoot a sling bullet.
The sling bullet hits the worm but does no damage.
You shoot a sling bullet.
The sling bullet hits the worm but does no damage.
You shoot a sling bullet. The sling bullet hits the worm!
The worm is heavily wounded.
You shoot a sling bullet. The sling bullet hits the worm!
The worm is almost dead.
You shoot a sling bullet. The sling bullet hits the worm.
You kill the worm!
No target in view!
No target in view!
No target in view!
No target in view!
You see here a worm corpse.
A sourceless malevolence fills the Dungeon... and a teleportation trap spontaneously manifests!
You are yanked towards a nearby monster!
Your surroundings suddenly seem different.
A hound comes into view.
Found a book of Party Tricks.
The hound barks!
The hound bites you.
You shoot a sling bullet. The sling bullet hits the hound.
The hound is lightly wounded.
The hound closely misses you. x2
You shoot a sling bullet. The sling bullet hits the hound.
The hound is moderately wounded.
The hound bites you but does no damage. The hound bites you.
You shoot a sling bullet.
The sling bullet closely misses the hound.
The hound closely misses you. The hound bites you.
You shoot a sling bullet. The sling bullet misses the hound.
The hound closely misses you.
You shoot a sling bullet. The sling bullet misses the hound.
The hound bites you. The hound barely misses you.
You shoot a sling bullet. The sling bullet hits the hound.
The hound is heavily wounded.
The hound barely misses you. The hound bites you.
You shoot a sling bullet.
The sling bullet hits the hound but does no damage.
The hound is heavily wounded.
The hound bites you. The hound closely misses you.
You shoot a sling bullet. The sling bullet hits the hound!
The hound is almost dead.
The hound bites you but does no damage. x2
You shoot a sling bullet.
The sling bullet closely misses the hound.
The hound closely misses you.
You shoot a sling bullet. The sling bullet hits the hound.
You kill the hound!
No target in view!
HP restored.
A sky beast comes into view.
Things that are here:
a book of Party Tricks; a wand of iceblast (8)
i - a wand of iceblast (8)
You pick up a book of Party Tricks and begin reading...
You add the spells Apportation and Alistair's Intoxication to your library.
Unknown command.
Casting: Slow (safe; 9% risk of failure)
Confirm with . or Enter, or press ? or * to list all spells.
Aiming: Slow (safe; 9% risk of failure)
Press: ? - help, Shift-Dir - straight line, f - sky beast
Aim: a sky beast (chance to affect: 41%)
The sky beast resists with some effort.
Your +0 dagger of venom begins to drip with poison!
r - a +0 dagger of venom (weapon)
Casting: Slow (safe; 9% risk of failure)
Confirm with . or Enter, or press ? or * to list all spells.
Aiming: Slow (safe; 9% risk of failure)
Press: ? - help, Shift-Dir - straight line, f/p - sky beast
Aim: a sky beast (chance to affect: 41%)
The sky beast seems to slow down.
Throw: 2 throwing nets
Press: ? - help, Q - select action, (/) - cycle Shift-Dir - straight line, f/p - sky beast
Aim: a sky beast (slow, 50% to hit)
You throw a throwing net. The throwing net hits the sky beast.
The sky beast is caught in the net!
The sky beast flickers out of sight!
Deactivating autopickup; reactivate with Ctrl-A.
Something wriggles in the net.
You hit something.
Something wriggles in the net.
You closely miss something. You barely miss something.
Something wriggles in the net.
You closely miss something.
Something wriggles in the net.
You hit something but do no damage. You barely miss something.
Something wriggles in the net.
You completely miss something.
Something wriggles in the net.
You hit something. You hit something but do no damage.
Something wriggles in the net.
You hit something but do no damage.
Something wriggles in the net.
All of a sudden the net rips apart!
You miss something.
A kobold comes into view. It is wielding a +0 whip.
Something hits you. Something shocks you.
You miss something.
The kobold shouts!
Something barely misses you.
You closely miss something. Something barely misses you.
You hit something but do no damage. Something hits you. Something shocks you.
You closely miss something. Something hits you. Something shocks you.
You barely miss something. Something hits you. Something shocks you.
* * * LOW HITPOINT WARNING * * *
It was a potion of might.
You feel very mighty all of a sudden. Something hits you.
* * * LOW HITPOINT WARNING * * *
Something shocks you.
* * * LOW HITPOINT WARNING * * *
You hit something. Something hits you.
* * * LOW HITPOINT WARNING * * *
Something shocks you.
You die...

Skill      XL: |  1  2  3  4  5 |
---------------+----------------+-----
Ranged Weapons | 2 3 4 |  4.2
Dodging        | 2 3 |  3.2
Stealth        | 1 2 |  2.6
Fighting       | |  0.8
Spellcasting   | |  1.0
Hexes          | |  2.6

Action                     |  1- 3 |  4- 6 || total
---------------------------+-------+-------++-------
  Melee: Dagger            |       |    17 ||    17
   Fire: Sling             |   147 |   101 ||   248
  Throw: Throwing net      |       |     1 ||     1
   Cast: Slow              |       |     2 ||     2
    Use: Scroll            |       |     4 ||     4
         Potion            |       |     1 ||     1
 Armour: Robe              |     6 |     7 ||    13
  Dodge: Dodged            |    23 |    45 ||    68

Levels and vault maps discovered:
D:1:      onia_arrival_mini_spirals, layout_rooms, serial_curves,
          eino_curves_04, eino_curves_03, dreamdust_wishing_well,
          minmay_tetromino_t4
D:2:      layout_basic, nicolae_ecumenical_pavilion
D:3:      minmay_spotlight, layout_basic
D:4:      layout_layer_cave, kennysheep_little_box,
          minmay_temple_entry_mini_moons

Notes
Turn   | Place    | Note
-------+----------+-------------------------------------------
     0 | D:1      | scionoferis the Demigod Hexslinger began the quest for the
                  | Orb.
     0 | D:1      | Reached XP level 1. HP: 15/15 MP: 4/4
    53 | D:1      | Reached skill level 2 in Ranged Weapons
   123 | D:1      | Reached skill level 2 in Dodging
   160 | D:1      | Reached XP level 2. HP: 22/22 MP: 5/5
   389 | D:1      | Reached skill level 1 in Stealth
   749 | D:2      | Reached XP level 3. HP: 27/27 MP: 6/6
   944 | D:2      | Reached skill level 3 in Ranged Weapons
  1706 | D:3      | Reached XP level 4. HP: 27/34 MP: 8/8
  2005 | D:3      | Reached skill level 2 in Stealth
  2610 | D:4      | Reached skill level 3 in Dodging
  2610 | D:4      | Reached XP level 5. HP: 31/39 MP: 9/9
  2621 | D:3      | Reached skill level 4 in Ranged Weapons
  3017 | D:4      | Noticed a sky beast
  3054 | D:4      | HP: 3/39 [something (6)]
  3055 | D:4      | Slain by a sky beast

Vanquished Creatures
  2 hounds (D:3 D:4)
  A gnoll bouda (D:4)
  5 gnolls (D:4 D:3)
  5 adders (D:2 D:3 D:4)
  2 worms (D:3 D:4)
  3 dart slugs (D:1 D:3)
  3 orcs (D:3)
  7 ball pythons (D:1 D:2 D:3)
  4 endoplasms (D:1 D:3)
  2 giant cockroaches (D:1 D:2)
  5 goblins (D:1 D:2 D:3)
  8 hobgoblins (D:1 D:2 D:3)
  A quokka (D:3)
  3 bats (D:1 D:3)
  2 frilled lizards (D:1 D:3)
  7 kobolds (D:1 D:2 D:3)
  9 rats (D:1 D:2 D:3)
69 creatures vanquished.

Table legend: (Time is in decaauts)
 A = Elapsed time spent in this place.
 B = Non-inter-level travel time spent in this place.
 C = Inter-level travel time spent in this place.
 D = Time resting spent in this place.
 E = Time spent auto-exploring this place.
 F = Levels seen in this place.
 G = Mean time per level.
                   A        B        C        D        E       F      G
               +--------+--------+--------+--------+--------+-----+--------+
         Total |   3117 |   2962 |    155 |    240 |   2180 |   4 |  779.2 |
       Dungeon |   3117 |   2962 |    155 |    240 |   2180 |   4 |  779.2 |
               +--------+--------+--------+--------+--------+-----+--------+

Top non-repeatable levels by time:
     D:3: 1232 daAuts
     D:2: 958 daAuts
     D:1: 575 daAuts
     D:4: 351 daAuts

Table legend:
 A = Non-vault XP
 B = Vault XP
 C = Vault XP percentage of total XP
 D = Non-vault monster count
 E = Vault monster count
 F = Vault count percentage of total count
                 A         B        C        D         E       F
            +---------+---------+-------+---------+---------+-------
      Total |     362 |      13 |   3.5 |      61 |       8 |  11.6
            +---------+---------+-------+---------+---------+-------
        D:1 |      33 |       5 |  13.2 |      18 |       4 |  18.2
        D:2 |      50 |       0 |   0.0 |      16 |       0 |   0.0
        D:3 |     133 |       8 |   5.7 |      20 |       4 |  16.7
        D:4 |     146 |       0 |   0.0 |       7 |       0 |   0.0
            +---------+---------+-------+---------+---------+-------
